 Dungeon Crawl Stone Soup version 0.23.2-40-g277498a001 (webtiles) character file.

Game seed: 8038476461773770221

18066 Marnok the Blocker (level 12, -1/103 HPs)
             Began as a Minotaur Fighter on Oct 15, 2019.
             Was an Elder of Wu Jian.
             Slain by a ten-headed hydra (8 damage)
             ... on level 11 of the Dungeon.
             The game lasted 00:35:17 (9506 turns).

Marnok the Blocker (Minotaur Fighter)               Turns: 9506, Time: 00:35:17

Health: -1/103     AC: 21    Str: 25    XL:     12   Next: 24%
Magic:  2/2        EV: 14    Int: 12    God:    Wu Jian [****..]
Gold:   733        SH: 31    Dex: 17    Spells: 11/11 levels left

rFire    + . .     SeeInvis .   A - +5 long sword (slice)
rCold    . . .     Gourm    .   B - +10 large shield of Ignorance {rN+ Int-4}
rNeg     + . .     Faith    .   n - +5 ring mail {rPois}
rPois    +         Spirit   .   (helmet restricted)
rElec    .         Reflect  .   i - scarf {cloud immunity}
rCorr    .         Harm     +   p - +2 pair of gloves
MR       +....                  a - +2 pair of boots
Stlth    +++.......             L - amulet of harm
HPRegen  0.27/turn              o - +5 ring of dexterity
MPRegen  0.08/turn              P - ring of Springtime {rF+ MR+ MP-9 Int+10 Stlth+}

@: about to teleport
A: retaliatory headbutt, horns 2, slimy green scales 1, agile 1, shaggy fur 1
a: Wall Jump, Serpent's Lash, Renounce Religion


You were on level 11 of the Dungeon.
You worshipped Wu Jian.
Wu Jian was greatly pleased with you.
You were not hungry.

You visited 2 branches of the dungeon, and saw 14 of its levels.

You collected 733 gold pieces.

Inventory:

Hand Weapons
 h - a +0 dagger of speed
 m - a +3 quarterstaff of speed
 u - a +2 falchion of holy wrath
 z - a +1 mace of crushing
 A - a +5 long sword of slicing (weapon)
 I - a +2 rapier of speed
 M - a +3 arbalest of flaming
Missiles
 J - 4 tomahawks of returning (quivered)
Armour
 a - a +2 pair of boots (worn)
 c - a +0 troll leather armour
 i - a scarf of cloud immunity (worn)
 n - a +5 ring mail of poison resistance (worn)
 p - a +2 pair of gloves (worn)
 s - a +3 leather armour of cold resistance
 B - the +10 large shield of Ignorance (worn) {rN+ Int-4}
   (You found it on level 7 of the Dungeon)

   It affects your intelligence (-4).
   It protects you from negative energy.
 O - the cursed +1 chain mail of Discretion {rElec rC++ rCorr Int-4, unknown}
   (You found it on level 9 of the Dungeon)

   It affects your intelligence (-4).
   It greatly protects you from cold.
   It insulates you from electricity.
   It provides partial protection from all sources of acid and corrosion.
   It has a curse placed upon it.
 Q - a +2 robe of cold resistance
 R - a +2 robe
Magical Staves
 S - an uncursed staff of energy {unknown}
Jewellery
 b - an uncursed ring of positive energy
 j - an uncursed ring of flight
 o - a +5 ring of dexterity (left hand)
 D - an uncursed ring of poison resistance {unknown}
 L - an amulet of harm (around neck)
 P - the ring of Springtime (right hand) {rF+ MR+ MP-9 Int+10 Stlth+}
   (You found it on level 10 of the Dungeon)

   [ring of stealth]

   It affects your intelligence (+10).
   It protects you from fire.
   It affects your resistance to hostile enchantments.
   It affects your magic capacity (-9).
   It makes you more stealthy.
 T - an uncursed amulet of guardian spirit {unknown}
Wands
 w - a wand of acid (15)
 E - a wand of polymorph (13)
 G - a wand of random effects (41)
 H - a wand of enslavement (2)
Scrolls
 e - 4 scrolls of remove curse
 q - 6 scrolls of teleportation
 y - 3 scrolls of magic mapping
 C - 4 scrolls of amnesia
 F - a scroll of enchant armour
 N - a scroll of blinking
 V - 3 scrolls of identify
Potions
 g - a potion of heal wounds
 k - 2 potions of agility
 l - a potion of resistance
 r - 3 potions of ambrosia
 t - 4 potions of curing
 x - a potion of haste
 U - a potion of mutation
Miscellaneous
 v - 2 phantom mirrors
 K - a phial of floods
Comestibles
 d - a chunk of flesh
 f - 17 rations


   Skills:
 + Level 8.9 Fighting
 + Level 13.6 Long Blades
 + Level 7.2 Armour
 + Level 6.9 Dodging
 + Level 3.0 Stealth
 + Level 14.4 Shields


You had 11 spell levels left.
You didn't know any spells.
Your spell library contained the following spells:

 Spells                   Type           Power        Failure   Level  Hunger
 Magic Dart               Conj           #...         88%         1    ##.....
 Blink                    Tloc           N/A          96%         2    ###....
 Call Imp                 Summ           #.......     96%         2    ###....
 Slow                     Hex            #.......     96%         2    ###....
 Conjure Flame            Conj/Fire      #.......     99%         3    ####...
 Mephitic Cloud           Conj/Pois/Air  #.......     99%         3    ####...


Dungeon Overview and Level Annotations

Branches:
Dungeon (13/15)            Temple (1/1) D:7            Lair (0/6) D:10
    Orc: D:9-12      Vaults: D:13-14

Altars:
Ashenzari
Cheibriados
Dithmenos
Elyvilon
Fedhas
Gozag
Hepliaklqana
Kikubaaqudgha
Makhleb
Nemelex Xobeh
Okawaru
Qazlal
Ru
Sif Muna
Trog
Uskayaw
Vehumet
Wu Jian
Yredelemnul
Zin
The Shining One

Shops:
D:12 [


Innate Abilities, Weirdness & Mutations

You reflexively headbutt those who attack you in melee.
You have a pair of horns on your head.
You are partially covered in slimy green scales. (AC +2)
You are agile. (Dex +2)
You are covered in fur. (AC +1)


Message History

The ten-headed hydra barely misses you.
You block the ten-headed hydra's attack.
The ten-headed hydra bites you!
As you read the scroll of teleportation, it crumbles to dust.
You feel strangely unstable.
You block the ten-headed hydra's attack.
The ten-headed hydra bites you but does no damage.
The ten-headed hydra completely misses you.
The ten-headed hydra bites you but does no damage.
You block the ten-headed hydra's attack.
The ten-headed hydra bites you!
* * * LOW HITPOINT WARNING * * *
The ten-headed hydra bites you.
* * * LOW HITPOINT WARNING * * *
The ten-headed hydra bites you!
* * * LOW HITPOINT WARNING * * *
The ten-headed hydra bites you.
* * * LOW HITPOINT WARNING * * *
The ten-headed hydra bites you!
You die...

##### #.<.# ....# ....##
##...# #....#
....###################
...............D@.$...#
..#####'#######+####..#
..###.....# ##.#
..##.....## ###.#
..#.....## ##.#.#
#.#....## ##..#.##
#.'...## ##...'..#
..#..######+####....#..#
.^#.###.#.....#.....#..#


You could see a ten-headed hydra.

Vanquished Creatures
  Fannar (D:10)
  A centaur warrior (D:10)
  An ogre mage (D:10)
  A two-headed ogre (D:10)
  Sonja (D:10)
  Nergalle (D:10)
  3 cyclopes
  2 ugly things
  Joseph (D:8)
  2 gargoyles (D:11)
  A komodo dragon (D:10)
  A queen bee (D:8)
  2 hornets (D:11)
  4 trolls
  4 hippogriffs
  A wyvern (D:8)
  A wraith (D:11)
  A vampire (D:12)
  A yak (D:10)
  A hungry ghost (D:8)
  A steam dragon (D:10)
  4 vampire mosquitoes
  Duvessa (D:6)
  3 acid dragons
  2 black bears (D:8)
  3 ice beasts
  4 phantoms
  5 ogres
  2 orc warriors
  A sky beast (D:9)
  6 centaurs
  2 crocodiles
  A big kobold (D:7)
  7 bullfrogs
  A gnoll sergeant (D:9)
  A bullfrog (shapeshifter) (D:8)
  Dowan (D:6)
  2 wyvern skeletons (D:7)
  4 scorpions
  14 killer bees (D:8)
  8 wights
  5 crimson imps
  6 centaur zombies
  2 bullfrog zombies
  A quasit (D:3)
  12 orc wizards
  3 bullfrog skeletons
  8 orc priests
  3 centaur skeletons
  10 hounds
  6 jellies
  Jessica (D:3)
  2 iguanas
  9 worker ants
  A hound zombie (D:8)
  2 hound skeletons
  A worker ant zombie (D:10)
  10 gnolls
  10 adders
  5 shadow imps
  An ooze (D:5)
  An adder zombie (D:8)
  5 worms
  A dart slug (D:3)
  6 leopard geckos
  36 orcs
  10 giant cockroaches
  8 goblins
  10 hobgoblins
  16 jackals
  10 kobolds
  6 quokkas
  10 bats
  6 frilled lizards
  2 leopard gecko skeletons
  7 rats
336 creatures vanquished.

Vanquished Creatures (others)
  A tengu conjurer (D:10)
  7 plants (D:10)
8 creatures vanquished.

Grand Total: 344 creatures vanquished

Notes
Turn   | Place    | Note
-------+----------+-------------------------------------------
     0 | D:1      | Marnok the Minotaur Fighter began the quest for the Orb.
     0 | D:1      | Reached XP level 1. HP: 19/19 MP: 0/0
    76 | D:1      | Reached skill level 4 in Shields
    76 | D:1      | Reached XP level 2. HP: 27/27 MP: 1/1
   539 | D:1      | Reached XP level 3. HP: 33/33 MP: 2/2
  1107 | D:2      | Found a bloodstained altar of Trog.
  1285 | D:2      | Reached XP level 4. HP: 40/40 MP: 3/3
  1669 | D:2      | Found an iron altar of Okawaru.
  1891 | D:3      | Found a blossoming altar of Fedhas.
  1940 | D:3      | Reached skill level 1 in Dodging
  1940 | D:3      | Reached skill level 5 in Shields
  1940 | D:3      | Reached XP level 5. HP: 40/46 MP: 4/4
  2042 | D:3      | Noticed Jessica
  2050 | D:3      | Killed Jessica
  2135 | D:3      | Found a shattered altar of Ashenzari.
  2135 | D:3      | Found a shadowy altar of Dithmenos.
  2212 | D:3      | Found a hazy altar of Hepliaklqana.
  2621 | D:5      | Entered Level 5 of the Dungeon
  2683 | D:5      | Reached skill level 6 in Shields
  2685 | D:5      | Reached XP level 6. HP: 53/53 MP: 5/5
  2832 | D:4      | Reached skill level 5 in Long Blades
  3394 | D:5      | Reached skill level 5 in Armour
  3394 | D:5      | Reached XP level 7. HP: 60/60 MP: 6/6
  4227 | D:6      | Reached skill level 5 in Fighting
  4242 | D:6      | Reached XP level 8. HP: 34/68 MP: 7/7
  4573 | D:6      | Reached skill level 7 in Shields
  4891 | D:6      | Noticed Duvessa
  4901 | D:6      | Killed Duvessa
  4901 | D:6      | Reached skill level 1 in Stealth
  4902 | D:6      | Noticed Dowan
  4907 | D:6      | Killed Dowan
  5036 | D:7      | Found the +10 large shield of Ignorance {rN+ Int-4}
  5114 | D:7      | Found a staircase to the Ecumenical Temple.
  5216 | D:7      | Reached XP level 9. HP: 75/75 MP: 8/8
  5245 | D:7      | Reached skill level 8 in Shields
  5502 | D:7      | Reached skill level 9 in Shields
  5851 | Temple   | Entered the Ecumenical Temple
  5937 | Temple   | Became a worshipper of the Wu Jian Council
  6013 | D:9      | Reached skill level 10 in Long Blades
  6043 | D:8      | Reached skill level 10 in Shields
  6071 | D:9      | Noticed Joseph
  6083 | D:8      | Killed Joseph
  6110 | D:8      | Reached XP level 10. HP: 84/84 MP: 9/9
  6306 | D:8      | Reached * piety under Wu Jian
  6329 | D:8      | Found a transporter.
  6352 | D:8      | Noticed a cyclops
  6377 | D:8      | Found a transporter.
  6456 | D:8      | Reached skill level 5 in Dodging
  6456 | D:8      | Reached skill level 11 in Shields
  6574 | D:8      | Found a deep blue altar of Sif Muna.
  6578 | D:8      | Found a bloodstained altar of Trog.
  6671 | D:8      | Killed a cyclops
  6874 | D:9      | Reached ** piety under Wu Jian
  6884 | D:10     | Entered Level 10 of the Dungeon
  6884 | D:10     | Noticed Nergalle
  6993 | D:9      | Got a dazzling chain mail
  7194 | D:9      | Reached skill level 12 in Shields
  7569 | D:10     | Noticed a two-headed ogre
  7577 | D:10     | Killed a two-headed ogre
  7577 | D:10     | Reached XP level 11. HP: 94/94 MP: 10/10
  7608 | D:10     | Killed Nergalle
  7620 | D:10     | Lost intelligence.
  7767 | D:10     | Gained mutation: You expend magic power (3 MP) to
                  | strengthen your wands. [potion of mutation]
  7767 | D:10     | Gained mutation: You are agile. (Dex +2) [potion of
                  | mutation]
  7771 | D:10     | Noticed Fannar
  7786 | D:10     | Killed Fannar
  8332 | D:10     | Noticed Sonja
  8345 | D:10     | Killed Sonja
  8375 | D:10     | Reached *** piety under Wu Jian
  8393 | D:10     | Noticed a centaur warrior
  8397 | D:10     | Reached skill level 13 in Shields
  8407 | D:10     | Killed a centaur warrior
  8532 | D:10     | Noticed an ogre mage
  8535 | D:10     | Killed an ogre mage
  8546 | D:10     | Got a scorched ivory ring
  8620 | D:10     | Reached skill level 14 in Shields
  8688 | D:10     | Noticed a white ugly thing
  8690 | D:10     | Killed a white ugly thing
  8797 | D:10     | Reached XP level 12. HP: 87/103 MP: 11/11
  8877 | D:10     | Found a staircase to the Lair.
  9093 | D:10     | Identified the ring of Springtime {rF+ MR+ MP-9 Int+10
                  | Stlth+} (You found it on level 10 of the Dungeon)
  9147 | D:12     | Found Dutoiplo's Armour Shop.
  9192 | D:11     | Lost mutation: You expend magic power (3 MP) to strengthen
                  | your wands. [potion of mutation]
  9192 | D:11     | Gained mutation: You are covered in fur. (AC +1) [potion of
                  | mutation]
  9192 | D:11     | Gained mutation: You are partially covered in slimy green
                  | scales. (AC +2) [potion of mutation]
  9394 | D:12     | Reached **** piety under Wu Jian
  9498 | D:11     | Noticed an eight-headed hydra
  9506 | D:11     | Slain by a ten-headed hydra

Skill      XL: |  1  2  3  4  5  6  7  8  9 10 11 12 |
---------------+-------------------------------------+-----
Shields        | 4 5 6 7 10 12 14 | 14.4
Fighting       | 4 5 6 7 8 |  8.9
Long Blades    | 3 4 5 7 9 10 12 13 | 13.6
Armour         | 4 5 6 7 |  7.2
Dodging        | 1 2 3 4 5 6 |  6.9
Stealth        | 1 2 3 |  3.0

Action                   |  1- 3 |  4- 6 |  7- 9 | 10-12 || total
-------------------------+-------+-------+-------+-------++-------
Melee: Long sword        |   102 |   143 |   243 |   400 ||   888
       Headbutt          |    17 |    23 |    73 |   113 ||   226
       Falchion          |       |       |    13 |       ||    13
Invok: Lunge             |       |       |     2 |    30 ||    32
       Whirlwind         |       |       |       |     6 ||     6
  Use: Scroll            |     6 |     8 |     6 |     6 ||    26
       Potion            |       |       |       |    14 ||    14
 Stab: Sleeping          |       |       |     1 |    10 ||    11
       Distracted        |       |       |       |     1 ||     1
  Eat: Chunk             |     1 |     7 |     9 |    13 ||    30
Armor: Scale mail        |    39 |       |       |       ||    39
       Ring mail         |    12 |    89 |    64 |    64 ||   229
Dodge: Dodged            |    33 |    60 |    37 |    69 ||   199
Block: Shield            |    58 |    94 |    67 |       ||   219
       Large shield      |       |       |   157 |   477 ||   634
       Rpst.: Long sword |     8 |    20 |     9 |    12 ||    49
